AoeStats
← 鄙人張麻子

Coastal Forest

503173822Analyzed
4v4 RM · 1mo ago on Aug 30, 2026· 54m 38s· 8 players
Game mode
Random Map
Map size
Large (8 player)
Population
200
Speed
Normal
Resources
Standard
Victory
Conquest
Starting age
Dark Age
Ending age
Imperial Age
RankedLock teamsTeams togetherTeam positionsShared explorationLock speedFull tech treeHidden civsTurbo modeCheats
Victory
Defeat
🇹🇼 Magyars · Taiwan
1287
+12
🇭🇰 Khmer · Hong Kong SAR China
1218
+15
🇹🇼 Shu · Taiwan
1204
+15
🇭🇰 Persians · Hong Kong SAR China
1116
+19
🇺🇦 Mongols · Ukraine
1246
-18
🇹🇷 Bengalis · Türkiye
1227
-17
🇲🇽 Wei · Mexico
1161
-14
🇫🇷 Portuguese · France
1123
-12
鄙人張麻子
7:05 Loom
9:19 Feudal Age
9:55 Double-Bit Axe
12:55 Wheelbarrow
20:53 Castle Age
20:34 Forging
21:04 Gold Mining
21:03 Demolition Ship
21:56 Medium Warships
22:12 Bow Saw
23:54 Fishing Lines
25:41 Careening
29:02 Hand Cart
28:44 Gillnets
30:49 Clinker Construction
31:54 Town Watch
35:21 Imperial Age
34:39 Fletching
35:13 Padded Archer Armor
35:21 Thumb Ring
35:46 Bodkin Arrow
36:14 Ballistics
36:39 Leather Archer Armor
35:55 Crossbowman
37:39 Heavy Warships
37:00 Arbalester
37:51 Town Patrol
39:32 Chemistry
38:37 Stone Mining
39:08 Bracer
39:39 Ring Archer Armor
41:33 Conscription
41:40 Shipwright
44:22 Siege Engineers
44:39 Carvel Hull
44:41 Coiled Serpent Array
44:50 Bolt Magazine
46:36 Scale Mail Armor
48:11 Pikeman
48:51 Squires
48:37 Gambesons
49:15 Caravan
50:13 Chain Mail Armor
49:35 Halberdier
52:06 Arson
虫
10:41 Feudal Age
8:57 Loom
12:29 Double-Bit Axe
14:33 Gold Mining
16:48 Fletching
19:03 Padded Archer Armor
23:02 Castle Age
21:44 Stone Mining
24:56 Leather Archer Armor
24:36 Bodkin Arrow
25:20 Bow Saw
24:45 Crossbowman
26:14 Wheelbarrow
30:41 Ballistics
34:11 Hand Cart
36:09 Bodkin Arrow
37:14 Horse Collar
40:18 Heavy Plow
43:23 Imperial Age
43:55 Gold Shaft Mining
43:08 Town Watch
44:17 Town Patrol
45:35 Chemistry
45:42 Conscription
46:17 Capped Ram
47:02 Double Crossbow
47:20 Siege Ram
48:20 Heavy Scorpion
50:56 Siege Engineers
54:07 Scale Barding Armor
54:13 Forging
TwBestShaco
6:06 Loom
9:05 Feudal Age
9:43 Double-Bit Axe
10:25 Horse Collar
16:27 Wheelbarrow
16:55 Wheelbarrow
17:06 Gold Mining
20:22 Castle Age
21:43 Bow Saw
21:56 Heavy Plow
25:32 Hand Cart
27:36 Husbandry
28:18 Bloodlines
29:59 Gold Shaft Mining
35:12 Imperial Age
33:10 Scale Barding Armor
33:01 Stone Mining
35:28 Chain Barding Armor
36:06 Cavalier
38:02 Plate Barding Armor
40:04 Two-Man Saw
38:54 Paladin
40:29 Conscription
44:47 Town Watch
46:09 Two-Man Saw
48:23 Caravan
49:38 Corvinian Army
51:01 Elite Magyar Huszar
53:00 Crop Rotation
52:30 Fletching
54:27 Masonry
53:58 Treadmill Crane
54:25 Light Cavalry
Kingssiu
0:31 Loom
11:42 Feudal Age
15:58 Castle Age
13:47 Double-Bit Axe
13:57 Horse Collar
32:30 Imperial Age
30:34 Heavy Plow
30:48 Bow Saw
31:26 Scale Barding Armor
31:31 Forging
31:43 Gold Mining
33:05 Chain Barding Armor
32:09 Cavalier
32:51 Husbandry
33:01 Bloodlines
33:10 Bloodlines
33:04 Husbandry
34:54 Plate Barding Armor
34:57 Iron Casting
34:58 Plate Barding Armor
37:18 Blast Furnace
36:18 Town Watch
37:10 Wheelbarrow
37:10 Savar
38:16 Fletching
38:30 Padded Archer Armor
40:41 Light Cavalry
43:09 Hand Cart
42:53 Bodkin Arrow
43:13 Leather Archer Armor
42:59 Scale Mail Armor
43:09 Hussar
46:55 Conscription
46:52 Citadels
46:43 Kamandaran
47:25 Hoardings
51:23 Caravan
52:25 Crop Rotation
52:57 Two-Man Saw
52:37 Gold Shaft Mining
51:53 Stone Mining
EsquedaKING
12:59 Feudal Age
20:09 Castle Age
19:25 Double-Bit Axe
19:27 Horse Collar
20:50 Bloodlines
20:58 Husbandry
21:12 Heavy Plow
24:54 Wheelbarrow
26:45 Forging
26:40 Scale Barding Armor
28:36 Pikeman
32:10 Imperial Age
33:49 Ming Guang Armor
33:38 Heavy Hei Guang Cavalry
36:22 Tuntian
40:05 Halberdier
46:01 Elite Tiger Cavalry
49:21 Caravan
49:13 Light Cavalry
51:24 Iron Casting
51:09 Chain Barding Armor
50:47 Hussar
Von
4:15 Loom
12:15 Feudal Age
12:40 Double-Bit Axe
13:48 Wheelbarrow
17:01 Fletching
17:25 Padded Archer Armor
21:51 Forging
25:35 Castle Age
23:53 Gold Mining
24:24 Fishing Lines
26:38 Medium Warships
27:22 Bodkin Arrow
31:41 Iron Casting
31:37 Stone Mining
34:25 Treadmill Crane
38:21 Circumnavigation
40:53 Ballistics
42:22 Hand Cart
43:59 Masonry
44:02 Careening
46:40 Imperial Age
44:08 Pikeman
46:19 Masonry
48:05 Conscription
48:39 Dry Dock
48:30 Clinker Construction
49:21 Chemistry
48:27 Siege Engineers
49:12 Bracer
53:15 Halberdier
54:08 Scale Mail Armor
Skyle
8:04 Loom
9:50 Feudal Age
11:05 Double-Bit Axe
11:20 Horse Collar
13:39 Wheelbarrow
16:55 Bloodlines
17:17 Forging
18:37 Scale Barding Armor
24:07 Castle Age
22:46 Gold Mining
24:55 Husbandry
25:33 Iron Casting
25:09 Bow Saw
25:02 Heavy Plow
27:03 Chain Barding Armor
27:33 Hand Cart
30:49 Fletching
30:56 Town Watch
34:01 Padded Archer Armor
35:08 Padded Archer Armor
35:54 Bodkin Arrow
36:14 Leather Archer Armor
37:22 Leather Archer Armor
37:56 Ballistics
37:46 Fortified Wall
37:32 Murder Holes
52:07 Imperial Age
52:34 Heavy Camel Rider
53:16 Bracer
54:24 Chemistry
1s3m
11:38 Feudal Age
18:00 Castle Age
24:31 Wheelbarrow
24:02 Horse Collar
24:10 Double-Bit Axe
25:39 Bow Saw
27:15 Fletching
27:25 Padded Archer Armor
29:47 Gold Mining
33:52 Imperial Age
31:39 Bodkin Arrow
32:07 Ballistics
32:35 Leather Archer Armor
32:25 Scale Barding Armor
32:31 Forging
33:57 Heavy Plow
34:22 Hand Cart
34:42 Bracer
35:12 Ring Archer Armor
34:56 Bloodlines
36:24 Chemistry
35:05 Treadmill Crane
35:49 Elite Elephant Archer
37:05 Conscription
37:10 Paiks
40:21 Crop Rotation
41:15 Husbandry
41:19 Pikeman
41:59 Squires
41:45 Arson
42:45 Iron Casting
42:10 Scale Mail Armor
44:15 Halberdier
53:48 Siege Elephant
Connection lost

Rejoining the realm…

Still unreachable

The connection could not be restored.

Session expired

The server has moved on; the page needs a fresh start.